AoeStats
← catchchez

Scandinavia

510295861Analyzed
1v1 RM · 3d ago on Sep 30, 2026· 46m 15s· 2 players
Game mode
Random Map
Map size
Tiny (2 player)
Population
200
Speed
Normal
Resources
Standard
Victory
Conquest
Starting age
Dark Age
Ending age
Imperial Age
RankedLock teamsTeams togetherTeam positionsShared explorationLock speedFull tech treeHidden civsTurbo modeCheats
Victory
Defeat
🇮🇳 Portuguese · India
724
+15
🇦🇺 Maya · Australia
703
-15
Casablanca
11:55 Feudal Age
14:16 Man-at-Arms
23:41 Padded Archer Armor
26:19 Castle Age
24:55 Double-Bit Axe
25:40 Arson
26:24 Elite Skirmisher
catchchez
1:55 Loom
10:33 Feudal Age
10:47 Man-at-Arms
13:28 Double-Bit Axe
21:41 Fletching
25:37 Castle Age
30:01 Bodkin Arrow
43:40 Imperial Age
Connection lost

Rejoining the realm…

Still unreachable

The connection could not be restored.

Session expired

The server has moved on; the page needs a fresh start.